 Dungeon Crawl Stone Soup version 0.24.1-14-gf8d2b509d9 (webtiles) character file.

Game seed: 11042211532022898955, levelgen mode: deterministic

56 person50605 the Poker (level 3, 0/27 HPs)
             Began as a Demonspawn Gladiator on Apr 3, 2023.
             Succumbed to an adder's poison
             ... on level 1 of the Dungeon.
             The game lasted 00:10:53 (1080 turns).

person50605 the Poker (Demonspawn Gladiator)        Turns: 1080, Time: 00:10:54

Health: 0/27       AC:  3    Str: 15    XL:     3   Next: 71%
Magic:  1/3        EV: 13    Int: 11    God:
Gold:   86         SH:  0    Dex: 14    Spells: 2/2 levels left

rFire    . . .     SeeInvis .   a - +0 trident
rCold    . . .     Gourm    .   (no shield)
rNeg     . . .     Faith    .   b - +0 leather armour
rPois    .         Spirit   +   (helmet restricted)
rElec    .         Reflect  .   (no cloak)
rCorr    .         Harm     .   (no gloves)
MR       .....                  (no boots)
Stlth    +.........             p - amulet of guardian spirit
HPRegen  0.09/turn              (no ring)
MPRegen  0.08/turn              (no ring)

@: lethally poisoned (0 -> -9)
A: hooves 1, horns 1, clever 1, wild magic 1, MP-powered wands
a: no special abilities


You were on level 1 of the Dungeon.
You were not hungry.

You visited 1 branch of the dungeon, and saw 2 of its levels.

You collected 86 gold pieces.

Inventory:

Hand Weapons
 a - a +0 trident (weapon)
Missiles
 d - 3 throwing nets (quivered)
 e - 58 stones
 h - 2 atropa-tipped darts
 i - 18 poisoned darts
 l - 24 bolts
Armour
 b - a +0 leather armour (worn)
 c - a +0 helmet
Jewellery
 p - an amulet of guardian spirit (around neck)
Scrolls
 j - 3 scrolls of teleportation
 m - a scroll of fog {unknown}
 o - 2 scrolls of identify {unknown}
Potions
 g - a potion of heal wounds {unknown}
 n - 2 potions of degeneration {unknown}
 q - a potion of might {unknown}
Comestibles
 f - 3 rations


   Skills:
 + Level 2.2 Fighting
 + Level 3.5 Polearms
 - Level 1.8 Throwing
 + Level 1.0 Armour
 + Level 3.1 Dodging


You had 2 spell levels left.
You didn't know any spells.
Your spell library was empty.

Dungeon Overview and Level Annotations

Branches:
Dungeon (2/15)

Altars:


Innate Abilities, Weirdness & Mutations

You have large cloven feet.
You have a pair of small horns on your head.
Your mind is acute. (Int +2)
Your spells are a little harder to cast, but a little more powerful.
You expend magic power (3 MP) to strengthen your wands.


Message History

* * * LOW HITPOINT WARNING * * *
You are more poisoned.
The adder poisons you!
It was a potion of mutation.
You feel extremely strange.
You feel your magical essence link to the dungeon's wands.
You feel clever.
You feel less in control of your magic. The adder bites you but does no damage.
The adder bites you.
* * * LOW HITPOINT WARNING * * *
You hit the adder.
You kill the adder!
Your Armour skill increases to level 1!
* * * LOW HITPOINT WARNING * * *
You feel sick. The adder closely misses you.
You closely miss the adder. You kick the adder. You headbutt the adder.
The adder is moderately wounded.
* * * LOW HITPOINT WARNING * * *
You feel sick. The adder completely misses you. The adder misses you.
You barely miss the adder. Your kick misses the adder.
The adder is moderately wounded.
You die...

#################
#....S@†......#.#
#.#############.#
#####.# #.#
#.....# ####'#
#### #.#####
#..#.#
...####.####
#.##.#
[..........#
#.##.#
....##...#.######
#.##.#
................#
#.##.#


You could see an adder.

Vanquished Creatures
  2 adders
  A worm (D:1)
  3 dart slugs (D:1)
  A leopard gecko (D:1)
  2 ball pythons (D:1)
  7 bats (D:1)
  2 giant cockroaches (D:1)
  3 goblins (D:1)
  2 hobgoblins (D:1)
  4 frilled lizards (D:1)
  3 kobolds (D:1)
  A rat (D:1)
31 creatures vanquished.

Notes
Turn   | Place    | Note
-------+----------+-------------------------------------------
     0 | D:1      | person50605 the Demonspawn Gladiator began the quest for
                  | the Orb.
     0 | D:1      | Reached XP level 1. HP: 16/16 MP: 1/1
    92 | D:1      | Gained mutation: You have a pair of small horns on your
                  | head. [demonic ancestry]
    92 | D:1      | Reached XP level 2. HP: 22/22 MP: 2/2
   518 | D:1      | Gained mutation: You have large cloven feet. [demonic
                  | ancestry]
   518 | D:1      | Reached XP level 3. HP: 23/27 MP: 3/3
  1077 | D:1      | Gained mutation: You expend magic power (3 MP) to
                  | strengthen your wands. [potion of mutation]
  1077 | D:1      | Gained mutation: Your mind is acute. (Int +2) [potion of
                  | mutation]
  1077 | D:1      | Gained mutation: Your spells are a little harder to cast,
                  | but a little more powerful. [potion of mutation]
  1078 | D:1      | Reached skill level 1 in Armour
  1079 | D:1      | HP: 1/27 [poisoned by an adder]
  1080 | D:1      | Succumbed to an adder's poison

Levels and vault maps discovered:
D:1:      evilmike_arrival_run_for_it, layout_loops_ring
D:2:      layout_rooms, chequers_ecumenical_altar_island, kennysheep_crisscross

Skill      XL: |  1  2  3 |
---------------+----------+-----
Dodging        | 3 |  3.1
Polearms       | 3 |  3.5
Armour         | 1 |  1.0
Fighting       | |  2.2
Throwing       | |  1.8

Action                   || total
-------------------------++-------
Melee: Trident           ||    85
       Headbutt          ||    12
       Kick              ||     5
  Use: Scroll            ||     1
       Potion            ||     1
  Eat: Ration            ||     1
Armor: Leather armour    ||    18
Dodge: Dodged            ||    73
